 Dungeon Crawl Stone Soup version 0.32-a0-996-gb3226c233f (webtiles) character file.

Game seed: 12251990490394308758

131 DryNick the Chopper (level 4, -1/60 HPs)
             Began as a Mountain Dwarf Berserker on Apr 23, 2024.
             Was a Believer of Trog.
             Slain by a gnoll
             ... wielding a +1 heavy spear
              (4 damage)
             ... on level 3 of the Dungeon.
             The game lasted 00:03:39 (1856 turns).

DryNick the Chopper (Mountain Dwarf Berserker)      Turns: 1856, Time: 00:03:40

Health: -1/60      AC: 11    Str: 22    XL:     4   Next: 91%
Magic:  4/4        EV:  5    Int:  7    God:    Trog [**....]
Gold:   84         SH:  3    Dex:  9    Spells: 3/3 levels left

rFire   . . .        a - +0 hand axe
rCold   . . .        e - +0 buckler
rNeg    . . .        i - +0 plate armour
rPois   .            (no helmet)
rElec   .            (no cloak)
rCorr   .            (no gloves)
SInv    .            (no boots)
Will    .....        (no amulet) Stlth
                     (no ring)
HPRegen 0.30/turn    (no ring)
MPRegen 0.09/turn

%: no passive effects
@: berserking, very quick
A: runic magic, artefact enchanting
a: Renounce Religion, Berserk, Trog's Hand


You were on level 3 of the Dungeon.
You worshipped Trog.
Trog was pleased with you.
You visited 1 branch of the dungeon, and saw 3 of its levels.

You collected 84 gold pieces.

Inventory:

Hand Weapons
 a - a +0 hand axe (weapon)
Armour
 e - a +0 buckler (worn)
 i - a +0 plate armour (worn)
Jewellery
 n - a ring of flight
Scrolls
 b - a scroll of poison {unknown}
 c - 2 scrolls of brand weapon {unknown}
 d - 2 scrolls of enchant weapon {unknown}
 f - a scroll of noise {unknown}
 g - 2 scrolls of teleportation {unknown}
 k - a scroll of fog {unknown}
 p - a scroll of immolation {unknown}
Potions
 h - 3 potions of might {unknown}
 j - a potion of enlightenment {unknown}
 l - a potion of lignification {unknown}
 m - a potion of degeneration {unknown}
 o - a potion of mutation {unknown}
 q - a potion of curing {unknown}
 r - a potion of heal wounds {unknown}


   Skills:
 + Level 4.0 Fighting
 * Level 5.2 Axes
 + Level 3.2 Armour
 - Level 1.4 Dodging
 + Level 1.6 Shields


You had 3 spell levels left.
You didn't know any spells.
Your spell library was empty.

Dungeon Overview and Level Annotations

Branches:
Dungeon (3/15)

Altars:
Beogh

Shops:
D:1 =   D:2 [


Innate Abilities, Weirdness & Mutations

Your spellcasting is much less encumbered by armour.
You can use scrolls of enchantment on lesser artefacts.


Message History

You are too injured to fight recklessly!
You are too injured to fight recklessly!
You are too injured to fight recklessly!
You are too injured to fight recklessly!
You are too injured to fight recklessly!
You are too injured to fight recklessly!
You are too injured to fight recklessly!
You are too injured to fight recklessly!
You are too injured to fight recklessly!
You are too injured to fight recklessly!
You are too injured to fight recklessly!
You are too injured to fight recklessly!
You are too injured to fight recklessly!
You are too injured to fight recklessly!
You are too injured to fight recklessly!
Okay, then.
You closely miss the gnoll.
The gnoll is almost dead.
You block the gnoll's attack.
You barely miss the gnoll.
The gnoll is almost dead.
The gnoll hits you with a +0 spear.
* * * LOW HITPOINT WARNING * * *
The gnoll hits you from afar with a +1 heavy spear.
* * * LOW HITPOINT WARNING * * *
You closely miss the gnoll.
The gnoll is almost dead.
The gnoll barely misses you.
The gnoll hits you from afar with a +1 heavy spear.
* * * LOW HITPOINT WARNING * * *
A red film seems to cover your vision as you go berserk!
You feel yourself moving faster!
You feel mighty! The gnoll hits you with a +0 spear.
* * * LOW HITPOINT WARNING * * *
You closely miss the gnoll.
The gnoll is almost dead.
The gnoll hits you with a +0 spear.
* * * LOW HITPOINT WARNING * * *
The gnoll hits you from afar with a +1 heavy spear.
You die...

#.# #.# #.#
#.# #.# #.#
#.# #..
#.####.....
#..@gg.....
######.....
#..


You could see 2 gnolls.

Vanquished Creatures
  A scorpion (D:2)
  A gnoll (D:3)
  An adder (D:3)
  A dart slug (D:2)
  3 orcs
  3 endoplasms (D:1)
  2 giant cockroaches
  6 hobgoblins
  2 jackals (D:3)
  4 kobolds
  3 quokkas
  6 ball pythons
  6 bats
  A frilled lizard (D:2)
  8 goblins
  A rat (D:1)
49 creatures vanquished.

Notes
Turn   | Place    | Note
-------+----------+-------------------------------------------
     0 | D:1      | DryNick the Mountain Dwarf Berserker began the quest for
                  | the Orb.
     0 | D:1      | Reached XP level 1. HP: 19/19 MP: 1/1
   476 | D:1      | Reached skill level 4 in Axes
   476 | D:1      | Reached XP level 2. HP: 26/26 MP: 2/2
   530 | D:1      | Found Ifathat's Jewellery Shoppe.
   902 | D:2      | Found Xyc Gost's Antique Armour Shop.
  1014 | D:2      | Reached XP level 3. HP: 31/31 MP: 3/3
  1084 | D:2      | Reached ** piety under Trog
  1159 | D:2      | Found a roughly hewn altar of Beogh.
  1201 | D:2      | Found a faded altar of an unknown god.
  1331 | D:2      | Noticed a scorpion
  1347 | D:2      | Killed a scorpion
  1348 | D:2      | Reached skill level 5 in Axes
  1348 | D:2      | Reached skill level 1 in Shields
  1348 | D:2      | Reached XP level 4. HP: 15/40 MP: 4/4
  1856 | D:3      | HP: 3/60 [gnoll/+0 spear (5)]
  1856 | D:3      | Slain by a gnoll

Illustrated notes

Levels and vault maps discovered:
D:1:      co_arrival_random_square_maze, layout_loops_ring, serial_shops, shop,
          minmay_ruptured
D:2:      layout_basic, hellmonk_ecumenical_altar_defaced_shrine, serial_shops,
          shop
D:3:      layout_loops_ring, lemuel_round_altar

Skill      XL: |  1  2  3  4 |
---------------+-------------+-----
Axes           | 4 5 |  5.2
Armour         | 3 |  3.2
Shields        | 1 |  1.6
Fighting       | 4 |  4.0
Dodging        | |  1.4

Action                     |  1- 3 |  4- 6 || total
---------------------------+-------+-------++-------
  Melee: Hand axe          |   115 |    45 ||   160
 Invoke: Berserk           |     1 |     1 ||     2
         Trog's Hand       |     1 |       ||     1
 Armour: Animal skin       |    40 |       ||    40
         Plate armour      |    45 |    47 ||    92
  Dodge: Dodged            |    39 |     9 ||    48
  Block: Buckler           |    20 |     7 ||    27

Table legend: (Time is in decaauts)
 A = Elapsed time spent in this place.
 B = Non-inter-level travel time spent in this place.
 C = Inter-level travel time spent in this place.
 D = Time resting spent in this place.
 E = Time spent auto-exploring this place.
 F = Levels seen in this place.
 G = Mean time per level.
                   A        B        C        D        E       F      G
               +--------+--------+--------+--------+--------+-----+--------+
         Total |   1884 |   1818 |     66 |      0 |   1457 |   3 |  628.0 |
       Dungeon |   1884 |   1818 |     66 |      0 |   1457 |   3 |  628.0 |
               +--------+--------+--------+--------+--------+-----+--------+

Top non-repeatable levels by time:
     D:1: 897 daAuts
     D:2: 831 daAuts
     D:3: 155 daAuts
